 Dungeon Crawl Stone Soup version 0.26.1-11-gd32895ea62 (webtiles) character file.

Game seed: 13661149234828169464

107570 quackenbush666 the Blocker (level 16, -2/122 HPs)
             Began as a Demonspawn Gladiator on July 21, 2021.
             Was a High Priest of Ashenzari.
             Engulfed by a blizzard demon's freezing vapour (7 damage)
             ... on level 3 of the Abyss.
             The game lasted 00:55:04 (23396 turns).

quackenbush666 the Blocker (Demonspawn Gladiator)  Turns: 23396, Time: 00:55:04

Health: -2/122     AC: 12    Str: 22    XL:     16   Next: 0%
Magic:  28/29      EV: 21    Int: 15    God:    Ashenzari [*****.]
Gold:   3116       SH: 22    Dex: 11    Spells: 19/20 levels left

rFire    + . .     SeeInvis +   b - +1 scimitar (elec)
rCold    + . .     Faith    .   I - +0 kite shield (curse)
rNeg     . . .     Spirit   .   z - +3 troll leather armour (curse)
rPois    +         Reflect  .   c - +0 helmet (curse)
rElec    +         Harm     .   y - +0 cloak (curse)
rCorr    +         Rampage  .   V - +2 pair of gloves of Generosity {MP+9} (curse)
Will     +....     Clarity  +   (boots unavailable)
Stlth    ++++......             o - amulet of the acrobat
HPRegen  2.70/turn              W - +6 ring of strength
MPRegen  0.21/turn              r - +4 ring of evasion

@: about to teleport, resistant
A: hooves 3, large bone plates 3, [blurry vision 3], [clumsy 2], powered by
death 1, spiny 2, [subdued magic 1]
a: Renounce Religion, Curse Item, Scrying, Transfer Knowledge


You were on level 3 of the Abyss.
You worshipped Ashenzari.
Ashenzari was extremely pleased with you.
You visited 3 branches of the dungeon, and saw 21 of its levels.
You visited the Abyss 1 time.
You also visited: Ice Cave and Volcano.

You collected 3116 gold pieces.

Inventory:

Hand Weapons
 a - a +1 scimitar of flaming
 b - a +1 scimitar of electrocution (weapon)
 B - a +1 rapier of flaming
Missiles
 d - 6 curare-tipped darts
 G - 5 javelins (quivered)
 L - 6 silver javelins
Armour
 c - a cursed +0 helmet (worn)
 y - a cursed +0 cloak (worn)
 z - a cursed +3 troll leather armour (worn)
 I - a cursed +0 kite shield (worn)
 V - the cursed +2 pair of gloves of Generosity (worn) {MP+9}
   (You found it on level 6 of the Lair of Beasts)

   It affects your magic capacity (+9).
   It has a curse placed upon it.
Jewellery
 o - an amulet of the acrobat (around neck)
 p - an uncursed ring of willpower
 r - a +4 ring of evasion (right hand)
 A - the ring "Nonet" {rPois rC- EV+4 Dex+2}
   (You took it off a naga mage on level 14 of the Dungeon)

   [ring of evasion]

   It affects your evasion (+4).
   It affects your dexterity (+2).
   It makes you vulnerable to cold.
   It protects you from poison.
 C - an uncursed ring of resist corrosion
 M - an uncursed ring of positive energy
 P - the cursed ring "Buollu" {Fire rElec rPois Str+2 Dex+4 Stlth-}
   (You found it on level 2 of the Lair of Beasts)

   [ring of fire]

   It enhances your fire magic.
   It affects your strength (+2).
   It affects your dexterity (+4).
   It protects you from fire.
   It makes you vulnerable to cold.
   It insulates you from electricity.
   It protects you from poison.
   It makes you less stealthy.
   It has a curse placed upon it.
 T - an uncursed ring of ice
 W - a +6 ring of strength (left hand)
 Z - an uncursed ring of poison resistance
Wands
 e - a wand of paralysis (1)
 H - a wand of iceblast (10)
 R - a wand of flame (11)
 X - a wand of polymorph (8)
Scrolls
 h - 11 scrolls of remove curse
 j - 4 scrolls of amnesia
 k - 4 scrolls of blinking
 l - 8 scrolls of fear
 m - 10 scrolls of teleportation
 q - 8 scrolls of fog
 s - 7 scrolls of magic mapping
 D - 3 scrolls of enchant weapon
 N - 3 scrolls of immolation
 Q - 2 scrolls of vulnerability
 U - 4 scrolls of identify
 Y - a scroll of enchant armour
Potions
 f - 2 potions of brilliance
 g - 2 potions of resistance
 i - a potion of invisibility
 n - 11 potions of curing
 t - a potion of flight
 u - 6 potions of attraction
 v - 2 potions of lignification
 w - 6 potions of mutation
 x - 3 potions of heal wounds
 E - 10 potions of might
 F - a potion of cancellation
 K - 5 potions of ambrosia
 S - a potion of magic
Miscellaneous
 J - a tin of tremorstones (1/2)
 O - a condenser vane (inert)


   Skills:
 + Level 10.1 Fighting
 - Level 8.3(11.8) Short Blades
 - Level 13.2(14.0) Long Blades
 - Level 9.2 Throwing
 + Level 1.0 Armour
 - Level 7.0(11.1) Dodging
 - Level 6.0(10.0) Stealth
 - Level 13.5(15.8) Shields
 + Level 2.7 Spellcasting
 - Level 3.0 Translocations
 - Level 7.5 Evocations


You had 19 spell levels left.
You knew the following spells:

 Your Spells              Type           Power        Failure   Level
a - Apportation           Tloc           16%          5%          1

Your spell library contained the following spells:

 Spells                   Type           Power        Failure   Level
 Gell's Gravitas          Tloc           4%           17%         3
 Animate Skeleton         Necr           2%           21%         1
 Corona                   Hex            1%           21%         1
 Shock                    Conj/Air       4%           21%         1
 Sting                    Tmut/Pois      4%           21%         1
 Summon Small Mammal      Summ           4%           21%         1
 Poisonous Vapours        Pois/Air       2%           30%         2
 Confusing Touch          Hex            1%           52%         3
 Ignite Poison            Fire/Tmut/Pois 1%           52%         3
 Mephitic Cloud           Conj/Pois/Air  1%           52%         3
 Stone Arrow              Conj/Erth      2%           52%         3
 Iskenderun's Mystic Bla  Conj/Tloc      5%           73%         4
 Cause Fear               Hex            0%           91%         4
 Hailstorm                Conj/Ice       1%           91%         4
 Olgreb's Toxic Radiance  Pois           1%           91%         4
 Petrify                  Tmut/Erth      1%           91%         4
 Sticky Flame             Conj/Fire      1%           91%         4
 Metabolic Englaciation   Hex/Ice        0%           99%         5
 Silence                  Hex/Air        0%           99%         5
 Yara's Violent Unravell  Hex/Tmut       0%           99%         5
 Conjure Ball Lightning   Conj/Air       0%           100%        6
 Spellforged Servitor     Conj/Summ      0%           100%        7
 Discord                  Hex            0%           100%        8


Dungeon Overview and Level Annotations

Branches:
Dungeon (14/15)            Temple (1/1) D:5            Lair (6/6) D:10
 Shoals (0/4) Lair:3       Spider (0/4) Lair:4        Slime (0/5) Lair:6
    Orc (0/2) D:12         Vaults (0/5) D:14          IceCv (visited)
Volcano (visited)

Altars:
Ashenzari
Cheibriados
Dithmenos
Elyvilon
Fedhas
Makhleb
Nemelex Xobeh
Ru
Sif Muna
Vehumet
Xom
Jiyva

Shops:
D:4 :   D:7 *

Annotations:
D:2 diggie
D:7 Harold


Innate Abilities, Weirdness & Mutations

You have hooves in place of feet.
You are completely covered in large bone plates. (SH +8)
You regenerate a little health from kills.
You are mostly covered in sharp spines.
[Scrolls take you much longer to read.]
[You are very clumsy. (Dex -4)]
[Your spells are a little easier to cast, but a little less powerful.]


Message History

The raiju blinks! x4
The starcursed mass is engulfed in freezing vapours.
The starcursed mass is destroyed!
Clouds of freezing vapour condense around you!
The condenser dries out!
You are engulfed in freezing vapours.
You resist.
* * * LOW HITPOINT WARNING * * *
You feel a bit more experienced.
The raiju is engulfed in freezing vapours. x2
You block the raiju's attack.
The tremorstone explodes into fragments!
The burst of rock shards engulfs the raiju!!
You kill the raiju!
The burst of rock shards engulfs the raiju!
The burst of rock shards engulfs you!
* * * LOW HITPOINT WARNING * * *
The burst of rock shards engulfs the raiju!
You kill the raiju!
The substance of the Abyss twists violently, and a gateway leading out appears!
You are engulfed in freezing vapours.
You resist.
You die...

* * ...#.,#. #.### ,
, *,,* * * #...#.* #.
.#,,.** . ,*, **, ,
*. . .....##### ,,, *
,, * #*.#.........# #
, ,, , * *, .#*#.###
.##*#*** *, *,* *
,#.*..###.*. ##,* , ,
*.,*#..#..##,.##.##*,
* * , ,
#....X###○h.§.. ****,
, ,...#.°#@## ,§∆ * ,
,* ,
,,.,#..{°#§§.§§#.#*
*,, * *,,,
..###.2#§#§§#.# ,,,
**..##4 .#,..#.. ,,*,
*, , .... .# .# ##.##
, , , , *, , .. ..
.##...., **, , , **,
,. ,... *#., ....,,,,
*, ...., # ..**# , *
* , ...* * , , ,* ,


You could see a blizzard demon and a hellwing (wandering).

Vanquished Creatures
  2 tentacled starspawn (Abyss:3)
  A frost giant (IceCv)
  A deep elf sorcerer (D:14)
  A war gargoyle (D:13)
  The ghost of RipUnclePhilFR the Grappler, a journeyman TrFi of Okawaru (Lair:2)
  An ice dragon (Lair:6)
  4 boulder beetles
  8 hydras
  2 centaur warriors (D:14)
  Sonja (Lair:4)
  6 vampire magi
  2 two-headed ogres (D:14)
  8 death yaks (Lair:4)
  3 thrashing horrors (Abyss:3)
  Urug (D:13)
  A wretched star (Abyss:3)
  A swamp dragon (D:13)
  4 lindwurms
  A necromancer (D:14)
  4 deep elf magi (D:14)
  4 manticores
  An orc sorcerer (D:14)
  A cyclops (D:11)
  6 ugly things
  A worldbinder (Abyss:3)
  A large abomination (Abyss:3)
  3 centaur zombies
  An ice statue (IceCv)
  2 centaur skeletons
  6 elephants
  3 molten gargoyles
  8 gargoyles (D:13)
  3 naga magi (D:14)
  3 black mambas
  13 cane toads
  7 torpor snails
  A kobold demonologist (D:12)
  10 rime drakes
  An efreet (D:13)
  A freezing wraith (D:14)
  21 komodo dragons
  7 trolls
  3 tyrant leeches (Lair:6)
  A meliai (shapeshifter) (D:14)
  16 polar bears
  A jumping spider (Lair:4)
  A tengu conjurer (D:13)
  A hornet (shapeshifter) (D:13)
  9 hornets
  2 raiju (Abyss:3)
  18 blink frogs
  10 slime creatures
  9 dream sheep
  7 wyverns
  2 redbacks (Lair:4)
  A shadow (D:11)
  A wraith (D:13)
  4 basilisks
  88 yaks
  3 fire bats
  A steam dragon (D:11)
  A vampire mosquito (D:13)
  A death yak simulacrum (Lair:2)
  Edmund (D:5)
  A soldier ant (shapeshifter) (D:14)
  4 acid dragons (Lair:6)
  14 water moccasins
  3 black bears
  9 orc warriors
  A sky beast (D:7)
  2 swamp drakes
  An eye of draining (D:13)
  4 ice beasts
  A necrophage (D:12)
  3 starcursed masses (Abyss:3)
  4 ogres
  A phantom (D:14)
  A black mamba simulacrum (Lair:2)
  26 wolves
  4 big kobolds
  5 centaurs
  4 earth elementals (Volcano)
  22 bullfrogs
  A cane toad simulacrum (Lair:2)
  6 scorpions
  6 killer bees
  15 wights
  An electric eel (Lair:1)
  A howler monkey (D:8)
  2 lava snakes (Lair:1)
  2 komodo dragon simulacra (Lair:2)
  3 bullfrog zombies
  A quasit (D:5)
  7 hounds
  7 jellies
  9 orc priests
  Crazy Yiuf (D:2)
  21 orc wizards
  A bullfrog skeleton (D:12)
  Jessica (D:2)
  8 iguanas
  11 worker ants
  A polar bear simulacrum (Lair:2)
  2 hound zombies
  A worker ant zombie (D:5)
  3 gnolls (D:2)
  12 adders
  A shadow imp (D:7)
  4 white imps
  5 ufetubi
  11 oozes
  3 adder skeletons
  4 worms
  A dart slug (D:2)
  8 leopard geckos
  62 orcs
  7 giant cockroaches
  9 goblins
  5 hobgoblins
  4 jackals
  28 kobolds
  5 quokkas
  4 bats
  7 frilled lizards
  A leopard gecko zombie (D:5)
  A quokka zombie (D:5)
  9 rats
750 creatures vanquished.

Vanquished Creatures (collateral kills)
  A cane toad (Lair:4)
  An orc priest (D:9)
  2 orcs (D:9)
4 creatures vanquished.

Vanquished Creatures (others)
  A lindwurm (Volcano)
  A wind drake (Lair:3)
  A starcursed mass (Abyss:3)
  An iguana (D:14)
  31 fungi
  37 plants
  10 starspawn tentacles (Abyss:3)
82 creatures vanquished.

Grand Total: 836 creatures vanquished

Notes
Turn   | Place    | Note
-------+----------+-------------------------------------------
     0 | D:1      | quackenbush666 the Demonspawn Gladiator began the quest for
                  | the Orb.
     0 | D:1      | Reached XP level 1. HP: 16/16 MP: 1/1
   470 | D:1      | Gained mutation: You have large cloven feet. [demonic
                  | ancestry]
   470 | D:1      | Reached XP level 2. HP: 18/22 MP: 2/2
   534 | D:1      | Found a shimmering altar of Xom.
  1073 | D:2      | Gained mutation: You are partially covered in sharp spines.
                  | [demonic ancestry]
  1073 | D:2      | Reached XP level 3. HP: 27/27 MP: 3/3
  1161 | D:2      | Noticed Jessica
  1165 | D:2      | Killed Jessica
  1166 | D:2      | Reached skill level 1 in Short Blades
  1241 | D:2      | Found a runed translucent door.
  1242 | D:2      | Noticed Crazy Yiuf
  1331 | D:2      | Reached XP level 4. HP: 32/33 MP: 4/4
  1366 | D:2      | Noticed an ogre
  1383 | D:2      | Killed an ogre
  1384 | D:2      | Gained mutation: You are partially covered in large bone
                  | plates. (SH +4) [demonic ancestry]
  1384 | D:2      | Reached XP level 5. HP: 38/38 MP: 5/5
  2051 | D:2      | Killed Crazy Yiuf
  2404 | D:3      | Found a radiant altar of Vehumet.
  2419 | D:3      | Gained mutation: You have hoof-like feet. [demonic
                  | ancestry]
  2419 | D:3      | Reached XP level 6. HP: 39/44 MP: 6/6
  2543 | D:3      | Noticed an orc warrior
  2582 | D:4      | Found Amutivif's Book Shop.
  2788 | D:4      | Reached skill level 5 in Dodging
  3240 | D:5      | Entered Level 5 of the Dungeon
  3242 | D:5      | Noticed a water moccasin
  3263 | D:4      | Killed a water moccasin
  3264 | D:4      | Gained mutation: You have hooves in place of feet. [demonic
                  | ancestry]
  3264 | D:4      | Reached XP level 7. HP: 6/51 MP: 7/7
  3997 | D:4      | Reached skill level 5 in Short Blades
  4265 | D:5      | Noticed Edmund
  4299 | D:5      | Killed Edmund
  4300 | D:5      | Gained mutation: You regenerate a little health from kills.
                  | [demonic ancestry]
  4300 | D:5      | Reached XP level 8. HP: 52/58 MP: 8/8
  4372 | D:5      | Learned a level 1 spell: Apportation
  4507 | D:5      | Found a staircase to the Ecumenical Temple.
  4679 | Temple   | Entered the Ecumenical Temple
  4683 | Temple   | Became a worshipper of Ashenzari the Shackled
  4734 | D:3      | Reached skill level 1 in Translocations
  4938 | D:3      | Found a sparkling altar of Nemelex Xobeh.
  5360 | D:6      | Reached skill level 1 in Shields
  5712 | D:6      | Reached skill level 1 in Spellcasting
  5979 | D:7      | Found Kadeqopt's Elemental Accessories.
  6195 | D:7      | Reached skill level 1 in Stealth
  6195 | D:7      | Reached skill level 1 in Evocations
  6208 | D:7      | Noticed Harold
  6481 | D:7      | Gained mutation: You are mostly covered in sharp spines.
                  | [demonic ancestry]
  6481 | D:7      | Reached XP level 9. HP: 64/64 MP: 11/11
  6810 | D:8      | Found a shadowy altar of Dithmenos.
  6951 | D:8      | Found a white marble altar of Elyvilon.
  7584 | D:9      | Reached skill level 5 in Fighting
  8051 | D:9      | Reached XP level 10. HP: 60/76 MP: 13/13
  8273 | D:9      | Reached skill level 5 in Shields
  8435 | D:10     | Entered Level 10 of the Dungeon
  8532 | D:10     | Reached skill level 5 in Stealth
  8759 | D:10     | Got the uncursed ring mail "Dutsompo" {Harm Stlth+}
  8980 | D:10     | Reached * piety under Ashenzari
  9228 | D:10     | Found a staircase to the Lair.
  9350 | D:11     | Noticed a red ugly thing
  9368 | D:11     | Killed a red ugly thing
  9518 | D:11     | Noticed a manticore
  9537 | D:11     | Killed a manticore
  9675 | D:11     | Reached skill level 5 in Long Blades
 10109 | D:11     | Noticed a boulder beetle
 10114 | D:11     | Noticed a manticore
 10135 | D:11     | Killed a boulder beetle
 10136 | D:11     | Reached XP level 11. HP: 19/84 MP: 14/14
 10237 | D:10     | Identified the +1 ring mail "Dutsompo" {Harm Stlth+} (You
                  | found it on level 10 of the Dungeon)
 11817 | D:12     | Found a staircase to the Orcish Mines.
 12266 | Lair:1   | Entered Level 1 of the Lair of Beasts
 12266 | Lair:1   | Reached ** piety under Ashenzari
 12536 | Lair:1   | Noticed a four-headed hydra
 12548 | Lair:1   | Killed a one-headed hydra
 12549 | Lair:1   | Gained mutation: You are mostly covered in large bone
                  | plates. (SH +6) [demonic ancestry]
 12549 | Lair:1   | Reached XP level 12. HP: 83/94 MP: 15/15
 12580 | Lair:1   | Noticed an eight-headed hydra
 12598 | Lair:1   | Noticed an eight-headed hydra
 12616 | Lair:1   | Killed a five-headed hydra
 12727 | Lair:1   | Killed a two-headed hydra
 13005 | Lair:1   | Found a dark tunnel.
 13010 | Volcano  | Entered a volcano
 13417 | Lair:1   | Noticed a four-headed hydra
 13428 | Lair:1   | Killed a one-headed hydra
 13739 | Lair:2   | Noticed a boulder beetle
 13762 | Lair:2   | Killed a boulder beetle
 13809 | Lair:2   | Found a runed translucent gate.
 13809 | Lair:2   | Found a runed translucent gate.
 13809 | Lair:2   | Found a runed translucent gate.
 13855 | Lair:2   | Noticed RipUnclePhilFR's ghost (journeyman TrFi)
 13875 | Lair:2   | Identified the ring "Buollu" {Fire rElec rPois Str+2 Dex+4
                  | Stlth-}
 13945 | Lair:2   | Killed RipUnclePhilFR's ghost
 14084 | Lair:2   | Reached skill level 10 in Fighting
 14091 | Lair:2   | Found a frozen archway.
 14106 | IceCv    | Entered an ice cave
 14327 | IceCv    | Reached XP level 13. HP: 98/103 MP: 16/16
 14379 | IceCv    | Reached *** piety under Ashenzari
 14687 | IceCv    | Noticed a frost giant
 14710 | IceCv    | Killed a frost giant
 14711 | IceCv    | Reached skill level 5 in Evocations
 15080 | Lair:2   | Reached skill level 10 in Shields
 15690 | Lair:3   | Found a staircase to the Shoals.
 16174 | Lair:3   | Reached skill level 10 in Long Blades
 16566 | Lair:4   | Noticed Sonja
 16577 | Lair:4   | Killed Sonja
 16673 | Lair:4   | Reached XP level 14. HP: 78/110 MP: 17/17
 16990 | Lair:4   | Found a hole to the Spider Nest.
 17117 | Lair:4   | Reached **** piety under Ashenzari
 17706 | Lair:5   | Found a burning altar of Makhleb.
 18153 | Lair:6   | Entered Level 6 of the Lair of Beasts
 18272 | Lair:6   | Got the uncursed pair of gloves of Generosity {MP+9}
 18278 | Lair:6   | Identified the +2 pair of gloves of Generosity {MP+9} (You
                  | found it on level 6 of the Lair of Beasts)
 18506 | Lair:6   | Found a viscous altar of Jiyva.
 18507 | Lair:6   | Found a staircase to the Slime Pits.
 19520 | Lair:6   | Found a runed translucent door.
 19875 | Lair:6   | Gained mutation: You are completely covered in large bone
                  | plates. (SH +8) [demonic ancestry]
 19875 | Lair:6   | Reached XP level 15. HP: 107/115 MP: 18/18
 20210 | Lair:6   | Identified a scroll of acquirement
 20211 | Lair:6   | Acquired 1236 gold pieces
 20356 | D:13     | Noticed Urug
 20842 | D:13     | Reached ***** piety under Ashenzari
 21122 | D:13     | Killed Urug
 21772 | D:14     | Found a sacrificial altar of Ru.
 22050 | D:14     | Reached skill level 5 in Throwing
 22059 | D:14     | Identified the ring "Nonet" {rPois rC- EV+4 Dex+2}
 22192 | D:14     | Identified the Handbook of Enthralling Combat Magic
 22256 | D:14     | Identified the Handbook of Fiery Attacks
 22974 | D:14     | Found a gate to the Vaults.
 23095 | D:14     | Found a shimmering blue altar of Sif Muna.
 23108 | D:14     | Noticed a deep elf sorcerer
 23111 | D:14     | Noticed a deep elf sorcerer
 23121 | D:14     | Killed a deep elf sorcerer
 23140 | D:14     | Cast into level 3 of the Abyss (a deep elf sorcerer)
 23142 | Abyss:3  | Noticed a tentacled starspawn
 23153 | Abyss:3  | Killed a tentacled starspawn
 23202 | Abyss:3  | Found a corrupted altar of Lugonu.
 23214 | Abyss:3  | Noticed a tentacled starspawn
 23221 | Abyss:3  | Found a corrupted altar of Lugonu.
 23252 | Abyss:3  | Killed a tentacled starspawn
 23390 | Abyss:3  | Reached skill level 1 in Armour
 23390 | Abyss:3  | Reached XP level 16. HP: 57/122 MP: 20/20
 23396 | Abyss:3  | HP: 5/122 [shot self (10)]
 23396 | Abyss:3  | Engulfed by a blizzard demon's freezing vapour

Illustrated notes

Levels and vault maps discovered:
D:1:      lightli_arrival_noodles, layout_loops_ring, xom_teletrap_fun
D:2:      layout_basic, due_unseen_surprise, uniq_crazy_yiuf_cottage,
          uniq_jessica
D:3:      layout_loops_ring, lemuel_round_altar, kennysheep_doodads,
          grunt_decor_one_mirror, nemelex_spade_bored_becter
D:4:      layout_loops_ring, serial_shops, shop_statue
D:5:      layout_cave_pools, minmay_temple_entry_purple_smoke, uniq_edmund
D:6:      layout_rooms
D:7:      layout_basic, serial_shops, shop, nicolae_elemental_shop, uniq_harold
D:8:      layout_cave_pools, basic_altar, nicolae_dithmenos_shadow_blocks
D:9:      layout_basic
D:10:     layout_roguey, grunt_lair_entry_orc_guard_hut
D:11:     layout_rooms
D:12:     layout_loops_corners, david_orc_4, grunt_ministairs_11,
          hangedman_little_slice_of_home
D:13:     gargoyle_guard, layout_small_grid, pond, uniq_urug
D:14:     evilmike_library_of_no_secrets, layout_cave_pods, david_vaults_1,
          nicolae_ru_the_path_less_chosen
Temple:   nicolae_temple_the_god_donut
Lair:1:   layout_gridlike, enter_volcano_1, serial_bayou_shore_b,
          serial_bayou_shore_b, grunt_megastairs_3
Lair:2:   layout_misc_corridors, portal_ice_cave_rime, gammafunk_ghost_icy,
          beast_lair_carwin_2, lemuel_fruit_fields
Lair:3:   layout_concentric_octagons, minmay_shoals_entry_beasts
Lair:4:   layout_cave_shapes, spider_nest_entry_funnel_web, grunt_megastairs_5,
          uniq_sonja
Lair:5:   layout_misc_corridors, basic_altar
Lair:6:   guppyfry_lair_end_dragon, layout_regular_city, wormcave,
          slime_altar_1, lemuel_fruit_tree
Abyss:3:  base: Lair:2, bh_abyss_exit_choice, hangedman_decor_riveting,
          bh_silent_lugonu_exit, evilmike_abyss_exit_2,
          evilmike_abyss_exit_mutagenic, grunt_abyss_rune_forest_and_sorcery

Skill      XL: |  1  2  3  4  5  6  7  8  9 10 11 12 13 14 15 |
---------------+----------------------------------------------+-----
Throwing       | 2 3 4 9 |  9.2
Long Blades    | 3 5 7 8 10 12 13 | 13.2
Dodging        | 3 4 5 6 7 |  7.0
Short Blades   | 1 2 3 4 5 6 7 8 |  8.3
Fighting       | 3 5 7 8 10 | 10.1
Translocations | 3 |  3.0
Shields        | 2 4 6 7 9 10 12 13 | 13.5
Spellcasting   | 1 2 |  2.7
Stealth        | 1 4 6 |  6.0
Evocations     | 1 2 3 7 |  7.5
Armour         | 1 |  1.0

Action                   |  1- 3 |  4- 6 |  7- 9 | 10-12 | 13-15 | 16-18 || total
-------------------------+-------+-------+-------+-------+-------+-------++-------
Melee: Long sword        |    50 |       |       |    12 |       |       ||    62
       Kick              |     9 |    43 |   115 |   279 |   596 |       ||  1042
       Short sword       |    19 |   139 |   356 |   341 |       |       ||   855
       Scimitar          |       |       |       |   382 |  1450 |       ||  1832
Throw: Throwing net      |       |     4 |       |     2 |       |       ||     6
       Dart              |       |       |    35 |    41 |    38 |       ||   114
       Javelin           |       |       |       |       |    33 |       ||    33
 Cast: Apportation       |       |       |     1 |     2 |    10 |       ||    13
Invok: Curse Item        |       |       |     1 |     2 |     2 |       ||     5
Evoke: Wand              |       |       |     2 |    20 |    38 |       ||    60
       Tin of tremorston |       |       |       |       |     2 |     1 ||     3
       Condenser vane    |       |       |       |       |     1 |     1 ||     2
  Use: Potion            |       |     3 |     1 |     1 |     9 |     2 ||    16
       Scroll            |       |       |    16 |     8 |    10 |     1 ||    35
 Stab: Sleeping          |     1 |       |       |    14 |    15 |       ||    30
       Distracted        |       |     1 |     1 |       |     2 |       ||     4
       Paralysed         |       |       |     2 |     2 |     6 |       ||    10
       Held in net/web   |       |       |       |     3 |       |       ||     3
Armor: Leather armour    |    14 |     8 |    13 |       |       |       ||    35
       Robe              |       |       |    15 |     5 |       |       ||    20
       Troll leather arm |       |       |       |    52 |   117 |     1 ||   170
       Skin              |       |       |       |       |    20 |       ||    20
Dodge: Dodged            |    47 |    76 |   262 |   438 |   599 |     2 ||  1424
Block: Other             |       |    22 |    43 |    51 |       |       ||   116
       Kite shield       |       |       |       |   348 |  1246 |     1 ||  1595
       Rpst.: Long sword |    10 |       |       |     3 |       |       ||    13
       Scimitar          |       |       |       |    51 |   152 |       ||   203
